 Dungeon Crawl Stone Soup version 0.29-a0-275-g389c0b56f3 (webtiles) character file.

Game seed: 15069284688768553194

458 epen the Sneak (level 7, -1/55 HPs)
             Began as a Naga Ice Elementalist on Mar 11, 2022.
             Killed by an exploding ice beast (18 damage)
             ... ignited by their inner flame
             ... on level 4 of the Dungeon.
             The game lasted 00:05:25 (4317 turns).

epen the Sneak (Naga Ice Elementalist)              Turns: 4317, Time: 00:05:26

Health: -1/55      AC:  5    Str: 10    XL:     7   Next: 6%
Magic:  3/12       EV: 10    Int: 18    God:
Gold:   240        SH:  0    Dex: 11    Spells: 6/13 levels left

rFire   . . .      SeeInvis +   c - +2 spear
rCold   . . .      Faith    .   (no shield)
rNeg    + . .      Spirit   .   a - +0 robe
rPois   +          Reflect  .   (no helmet)
rElec   .          Harm     .   (no cloak)
rCorr   .          Rampage  .   d - +1 pair of gloves
Will    .....                   (no barding)
Stlth   +++.......              (no amulet)
HPRegen 0.18/turn               i - ring of positive energy
MPRegen 0.13/turn               (no ring)

@: very slow
A: AC +2, large, see invisible, deformed body, poison resistance, slowness 2,
spit poison 1, naga tail 1
a: Spit Poison


You were on level 4 of the Dungeon.
You visited 1 branch of the dungeon, and saw 4 of its levels.

You collected 240 gold pieces.

Inventory:

Hand Weapons
 c - a +2 spear (weapon)
Armour
 a - a +0 robe (worn)
 d - a +1 pair of gloves (worn)
Jewellery
 i - a ring of positive energy (left hand)
Scrolls
 f - 2 scrolls of magic mapping
Potions
 b - a potion of magic
 e - a potion of curing
 o - a potion of mutation


   Skills:
 + Level 3.2 Dodging
 + Level 6.3 Stealth
 + Level 3.7 Spellcasting
 + Level 5.3 Ice Magic


You had 6 spell levels left.
You knew the following spells:

 Your Spells              Type           Power      Damage    Failure   Level
a - Freeze                Ice            88%        1d10      1%          1
b - Frozen Ramparts       Ice            44%        1d6       4%          3
c - Ozocubu's Armour      Ice            22%        N/A       4%          3

Your spell library contained the following spells:

 Spells                   Type           Power      Damage    Failure   Level
 Animate Skeleton         Necr           6%         N/A       16%         1
 Pain                     Necr           12%        1d4       16%         1
 Sublimation of Blood     Necr           3%         N/A       22%         2
 Vampiric Draining        Necr           3%         2d6       41%         3
 Hailstorm                Conj/Ice       12%        3d5       45%         4
 Petrify                  Tmut/Erth      3%         N/A       83%         4
 Irradiate                Conj/Tmut      1%         3d13      99%         5


Dungeon Overview and Level Annotations

Branches:
Dungeon (4/15)
 Temple: D:4-7

Altars:


Innate Abilities, Weirdness & Mutations

Your serpentine skin is tough. (AC +2)
You have supernaturally acute eyesight. (SInv)
Armour fits poorly on your strangely shaped body.
Your system is resistant to poisons. (rPois)
You cover ground very slowly.
You can spit poison.
You have a snake-like lower body.


Message History

You have reached level 7!
You barely miss the ice beast.
The ice beast is moderately wounded.
The frozen ramparts melt away.
The ice beast barely misses you.
You hit the ice beast but do no damage.
The ice beast is moderately wounded.
The ice beast hits you but does no damage.
You hit the ice beast.
The ice beast is moderately wounded.
The ice beast barely misses you.
You hit the ice beast.
The ice beast is moderately wounded.
The ice beast hits you. The ice beast freezes you!
The ice beast closely misses you.
You closely miss the ice beast.
The ice beast is moderately wounded.
The ice beast hits you. The ice beast freezes you!
You closely miss the ice beast.
The ice beast is moderately wounded.
The ice beast hits you. The ice beast freezes you!
* * * LOW HITPOINT WARNING * * *
As you read the scroll labelled QAPSUE FUSEHALEFU, it crumbles to dust.
The creatures around you are filled with an inner flame!
It was a scroll of immolation.
Your icy armour starts to melt.
The ice beast misses you.
You feel better. The ice beast closely misses you.
You aren't carrying any items that you can evoke.
As you read the scroll of enchant weapon, it crumbles to dust.
Your +1 spear glows red for a moment.
The ice beast misses you.
You completely miss the ice beast.
The ice beast is moderately wounded.
The ice beast barely misses you.
You puncture the ice beast!
Flame seeps out of the ice beast.
The ice beast is severely wounded.
The ice beast is engulfed in blazing flames.
The ice beast explodes!
The fiery explosion engulfs you!!
Your icy armour melts away.
You die...

#### ##### #...#. .†..##
#...... ###..## .......
##..####### ####.......
##.......#####§§........
#
####........@○###....n.
#######..##....####
..... .#......######.#
##.# ...###### #.# #
...# #.# ##.# #.# .# ..#
# .## .


There were no monsters in sight!

Vanquished Creatures
  Eustachio (D:4)
  An ice beast (D:4)
  A necrophage (D:4)
  An orc priest (D:4)
  Natasha (D:4)
  An orc wizard (D:4)
  3 gnolls (D:3)
  5 adders
  An ufetubus (D:3)
  4 worms
  8 orcs
  7 ball pythons
  6 bats
  7 endoplasms
  2 giant cockroaches
  4 goblins
  10 hobgoblins
  3 jackals (D:1)
  6 kobolds
  A quokka (D:2)
  2 frilled lizards
  A rat (D:2)
76 creatures vanquished.

Notes
Turn   | Place    | Note
-------+----------+-------------------------------------------
     0 | D:1      | epen the Naga Ice Elementalist began the quest for the Orb.
     0 | D:1      | Reached XP level 1. HP: 15/15 MP: 3/3
   350 | D:1      | Reached XP level 2. HP: 17/22 MP: 5/5
   910 | D:1      | Found a faded altar of an unknown god.
  1023 | D:2      | Reached XP level 3. HP: 24/28 MP: 6/6
  1027 | D:2      | Learned a level 3 spell: Frozen Ramparts
  1511 | D:2      | Reached skill level 4 in Stealth
  1801 | D:2      | Learned a level 3 spell: Ozocubu's Armour
  1815 | D:2      | Reached XP level 4. HP: 22/36 MP: 7/7
  2586 | D:3      | Reached XP level 5. HP: 16/42 MP: 3/9
  3479 | D:4      | Reached skill level 5 in Stealth
  3633 | D:4      | Noticed Eustachio
  3658 | D:4      | Killed Eustachio
  3659 | D:4      | Reached skill level 5 in Ice Magic
  3659 | D:4      | Reached XP level 6. HP: 14/49 MP: 5/11
  3978 | D:4      | Noticed Natasha
  3986 | D:4      | Killed Natasha
  3987 | D:4      | Reached skill level 6 in Stealth
  4276 | D:4      | Noticed an ice beast
  4307 | D:4      | Reached XP level 7. HP: 36/55 MP: 2/12
  4317 | D:4      | Killed by an exploding ice beast... ignited by their inner
                  | flame

Illustrated notes

Levels and vault maps discovered:
D:1:      dpeg_arrival_shelter, layout_basic,
          hellmonk_ecumenical_altar_inner_sanctum
D:2:      layout_rooms
D:3:      layout_loops_ring
D:4:      layout_rooms, uniq_natasha, uniq_pikel, uniq_eustachio

Skill      XL: |  1  2  3  4  5  6 |
---------------+-------------------+-----
Dodging        | 2 3 |  3.2
Stealth        | 4 5 6 |  6.3
Spellcasting   | 3 |  3.7
Ice Magic      | 5 |  5.3

Action                   |  1- 3 |  4- 6 |  7- 9 || total
-------------------------+-------+-------+-------++-------
Melee: Spear             |   117 |   156 |     8 ||   281
       Punch             |     3 |     4 |       ||     7
 Cast: Freeze            |    11 |     7 |       ||    18
       Frozen Ramparts   |     2 |    14 |       ||    16
       Ozocubu's Armour  |       |     1 |       ||     1
 Abil: Spit Poison       |       |     2 |       ||     2
  Use: Scroll            |       |    11 |     2 ||    13
       Potion            |       |     1 |     1 ||     2
 Stab: Sleeping          |     9 |     2 |       ||    11
       Distracted        |     1 |     1 |       ||     2
Armor: Robe              |    33 |    66 |     1 ||   100
Dodge: Dodged            |    44 |    82 |     7 ||   133

Table legend: (Time is in decaauts)
 A = Elapsed time spent in this place.
 B = Non-inter-level travel time spent in this place.
 C = Inter-level travel time spent in this place.
 D = Time resting spent in this place.
 E = Time spent auto-exploring this place.
 F = Levels seen in this place.
 G = Mean time per level.
                   A        B        C        D        E       F      G
               +--------+--------+--------+--------+--------+-----+--------+
         Total |   4998 |   4885 |    113 |    459 |   3654 |   4 | 1249.5 |
       Dungeon |   4998 |   4885 |    113 |    459 |   3654 |   4 | 1249.5 |
               +--------+--------+--------+--------+--------+-----+--------+

Top non-repeatable levels by time:
     D:3: 1609 daAuts
     D:2: 1263 daAuts
     D:1: 1177 daAuts
     D:4: 947 daAuts
